 Dungeon Crawl Stone Soup version 0.15-a0-1766-g0ee8742 (console) character file.

333 statue the Carver (level 6, -14/51 HPs)
             Began as a Minotaur Fighter on June 28, 2014.
             Engulfed by a cloud of freezing vapour (25 damage)
             ... on Level 5 of the Dungeon.
             The game lasted 00:04:38 (813 turns).

statue the Carver (Minotaur Fighter)                 Turns: 813, Time: 00:04:38

HP -14/51        AC  6     Str 22      XL: 6   Next: 27%
MP   3/3         EV  6     Int  5      God:
Gold 11          SH  9     Dex 10      Spells:  0 memorised,  5 levels left

rFire  . . .     SeeInvis .     a - +0 long sword
rCold  . . .     Clarity  .     b - +0 scale mail
rNeg   . . .     rCorr    .     c - +0 shield
rPois  .         rRot     .     (helmet restricted)
rElec  .         Spirit   .     (no cloak)
SustAb .         Warding  .     (no gloves)
rMut   .         Stasis   .     (no boots)
Gourm  .                        n - amulet of faith
MR     .....                    (no ring)
                                (no ring)

@: not resistant to hostile enchantments, extremely unstealthy
A: retaliatory headbutt, horns 2
a: no special abilities


You were on level 5 of the Dungeon.
You were not hungry.

You visited 1 branch of the dungeon, and saw 5 of its levels.

You collected 108 gold pieces.
You spent 97 gold pieces at shops.

Inventory:

Hand weapons
 a - a +0 long sword (weapon)
Armour
 b - a +0 scale mail (worn)
 c - a +0 shield (worn)
Comestibles
 d - 3 bread rations
 j - a meat ration
 t - a beef jerky
Scrolls
 f - a scroll of enchant weapon {unknown}
 i - 2 scrolls of teleportation {unknown}
 l - a scroll of identify {unknown}
 m - 4 scrolls of remove curse {unknown}
 p - a scroll of noise {unknown}
 r - a scroll of enchant armour {unknown}
 s - a scroll of blinking
Jewellery
 n - an amulet of faith (around neck)
Potions
 e - a potion of might
 g - 2 potions of agility {unknown}
 h - 2 potions of paralysis {unknown}
 k - a potion of haste {unknown}
 o - a potion of restore abilities {unknown}
 q - 2 potions of lignification


   Skills:
 - Level 3.6 Fighting
 + Level 8.1 Long Blades
 - Level 3.6 Armour
 - Level 3.6 Shields


You had 5 spell levels left.
You didn't know any spells.

Dungeon Overview and Level Annotations

Branches:
Dungeon (5/15)
 Temple: D:4-7

Altars:

Shops:
D:5 ?


Innate Abilities, Weirdness & Mutations

You reflexively headbutt those who attack you in melee.
You have a pair of horns on your head.


Message History

You are splashed with acid!
The acid corrodes your equipment!
The acid burns!
* * * LOW HITPOINT WARNING * * *
Your shield prevents you from hitting the jelly.
You headbutt the jelly.
You kill the jelly!
Your Long Blades skill increases to level 8!
You repair your equipment.
t - a beef jerky
Found 15 sling bullets.
You see here 15 sling bullets.
You open the door.
Really walk into a travel-excluded area?
Okay, then.
You close the door.
You see here 15 sling bullets.
You open the door.
Really walk into a travel-excluded area?
There is an open door here.
You are engulfed in freezing vapours.
You die...

###################
§§§§§§§.@§§§§§§§..#
###############8'8#
#(.## #.## #.# #.#
##.# #..# #.##


There were no monsters in sight!

Vanquished Creatures
  2 scorpions (D:5)
  A jelly (D:5)
  A worker ant (D:4)
  3 orc wizards (D:4)
  3 gnolls (D:3)
  3 adders
  A giant mite (D:5)
  A worm (D:4)
  2 orcs
  3 giant cockroaches
  4 goblins
  A hobgoblin (D:4)
  4 bats
  A giant gecko zombie (D:5)
  4 giant newts
  4 kobolds
  A kobold skeleton (D:5)
  A quokka (D:3)
  A rat (D:4)
  A rat zombie (D:5)
42 creatures vanquished.

Notes
Turn   | Place    | Note
--------------------------------------------------------------
     0 | D:1      | statue, the Minotaur Fighter, began the quest for the Orb.
     0 | D:1      | Reached XP level 1. HP: 19/19 MP: 1/1
   164 | D:4      | Noticed an orc wizard
   164 | D:4      | Noticed an orc wizard
   164 | D:4      | Noticed an orc wizard
   172 | D:4      | Killed an orc wizard
   172 | D:4      | Reached skill level 4 in Long Blades
   172 | D:4      | Reached XP level 2. HP: 23/26 MP: 1/1
   172 | D:4      | Reached XP level 3. HP: 27/31 MP: 2/2
   174 | D:4      | Killed an orc wizard
   174 | D:4      | Reached skill level 5 in Long Blades
   178 | D:4      | Killed an orc wizard
   178 | D:4      | Reached XP level 4. HP: 28/39 MP: 2/2
   204 | D:3      | Reached skill level 6 in Long Blades
   330 | D:5      | Entered Level 5 of the Dungeon
   499 | D:4      | Noticed a worker ant
   514 | D:4      | Killed a worker ant
   514 | D:4      | Reached XP level 5. HP: 39/45 MP: 2/2
   615 | D:5      | Reached skill level 7 in Long Blades
   674 | D:5      | Found Xitoym's Magic Scroll Shop.
   683 | D:5      | Reached XP level 6. HP: 14/51 MP: 3/3
   723 | D:5      | Bought a scroll of blinking for 97 gold pieces
   759 | D:5      | HP: 2/51 [acid (12)]
   760 | D:5      | Reached skill level 8 in Long Blades
   813 | D:5      | Engulfed by a cloud of freezing vapour

Action                   |  1- 3 |  4- 6 || total
-------------------------+-------+-------++-------
Melee: Long sword        |    22 |    95 ||   117
  Use: Potion            |     1 |     1 ||     2
